 Dungeon Crawl Stone Soup version 0.25-a0-516-g7d600cd9ad (webtiles) character file.

Game seed: 15745084507613150193, levelgen mode: deterministic

13789 Aggronaut the Brawler (level 11, -7/86 HPs)
             Began as a Red Draconian Monk on Feb 12, 2020.
             Was a High Priest of Makhleb.
             Mangled by a seven-headed hydra (9 damage)
             ... on level 9 of the Dungeon on Feb 17, 2020.
             The game lasted 00:47:31 (16270 turns).

Aggronaut the Brawler (Red Draconian Monk)         Turns: 16270, Time: 00:47:32

Health: -7/86      AC: 13    Str: 15    XL:     11   Next: 80%
Magic:  13/13      EV: 13    Int: 13    God:    Makhleb [*****.]
Gold:   929        SH:  3    Dex: 13    Spells: 10/10 levels left

rFire    + . .     SeeInvis .     - Unarmed
rCold    . . .     Gourm    .   (no shield)
rNeg     . . .     Faith    .   (armour unavailable)
rPois    .         Spirit   .   (helmet restricted)
rElec    .         Reflect  +   l - +0 cloak
rCorr    .         Harm     .   p - +0 pair of gloves
MR       .....                  (no boots)
Stlth    +++.......             q - +3 amulet of reflection
HPRegen  0.24/turn              b - +4 ring of protection
MPRegen  0.13/turn              t - ring of stealth

@: no status effects
A: breathe fire, unfitting armour, fire resistance 1, cold-blooded, AC +7
a: Breathe Fire, Minor Destruction, Lesser Servant of Makhleb, Major
Destruction, Greater Servant of Makhleb, Renounce Religion


You were on level 9 of the Dungeon.
You worshipped Makhleb.
Makhleb was extremely pleased with you.
You were not hungry.

You visited 4 branches of the dungeon, and saw 14 of its levels.
You also visited: Sewer, Ossuary and Bailey.

You collected 929 gold pieces.

Inventory:

Missiles
 f - 13 poisoned darts (quivered)
Armour
 l - a +0 cloak (worn)
 p - a +0 pair of gloves (worn)
Jewellery
 b - a +4 ring of protection (left hand)
 g - an uncursed ring of magical power
 q - a +3 amulet of reflection (around neck)
 r - an uncursed ring of protection from magic
 t - a ring of stealth (right hand)
 D - an uncursed amulet of faith
 G - an uncursed ring of fire
 L - a +2 ring of strength
Wands
 i - a wand of flame (37)
 j - a wand of digging (5)
 m - a wand of random effects (12)
 u - a wand of paralysis (6)
 v - a wand of polymorph (19)
 H - a wand of acid (12)
Scrolls
 c - 7 scrolls of remove curse
 h - 8 scrolls of teleportation
 k - 4 scrolls of enchant weapon
 s - 2 scrolls of identify
 x - a scroll of magic mapping
 y - 3 scrolls of enchant armour
 B - 3 scrolls of amnesia
 E - a scroll of fog
 J - a scroll of brand weapon
Potions
 d - 4 potions of curing
 e - a potion of brilliance
 n - 3 potions of might
 o - 3 potions of agility
 w - 2 potions of haste
 z - a potion of lignification
 A - a potion of magic
 C - a potion of flight
 F - 3 potions of heal wounds
Comestibles
 a - 22 rations


   Skills:
 - Level 5.0 Fighting
 - Level 6.0 Throwing
 - Level 2.9 Dodging
 - Level 1.8 Stealth
 * Level 16.4 Unarmed Combat
 + Level 3.1 Invocations


You had 10 spell levels left.
You didn't know any spells.
Your spell library was empty.

Dungeon Overview and Level Annotations

Branches:
Dungeon (11/15)            Temple (1/1) D:4            Lair (1/6) D:9
    Orc (1/2) D:10          Sewer (visited)         Ossuary (visited)
 Bailey (visited)

Altars:
Ashenzari
Cheibriados
Dithmenos
Elyvilon
Fedhas
Gozag
Hepliaklqana
Kikubaaqudgha
Makhleb
Nemelex Xobeh
Okawaru
Qazlal
Ru
Sif Muna
Trog
Uskayaw
Vehumet
Wu Jian
Xom
Yredelemnul
Zin
The Shining One


Innate Abilities, Weirdness & Mutations

You can breathe blasts of fire.
Your fiery red scales are hard. (AC +7)
You cannot fit into any form of body armour.
Your flesh is heat resistant. (rF+)
You are cold-blooded and may be slowed by cold attacks.


Message History

As you read the scroll of fear, it crumbles to dust.
You assume a fearsome visage.
The crocodile resists with some effort.
The spiny frog looks frightened!
The water moccasin looks frightened!
The seven-headed hydra resists with some effort.
The crocodile bites you.
* * * LOW HITPOINT WARNING * * *
The seven-headed hydra bites you.
* * * LOW HITPOINT WARNING * * *
The seven-headed hydra closely misses you.
The seven-headed hydra barely misses you.
The seven-headed hydra bites you but does no damage. x2
The seven-headed hydra bites you.
* * * LOW HITPOINT WARNING * * *
The seven-headed hydra bites you but does no damage.
As you read the scroll labeled ITASHR AFUREEDO, it crumbles to dust.
This is a scroll of acquirement!
Something appears at your feet! You block the crocodile's attack.
You block the seven-headed hydra's attack.
The seven-headed hydra bites you!
You die...

####.............#
#..##.#####.#.## #.<##=# ##...##
#..##.# ##.....## #..##(##
#....P..# ########
#......###.)P...S## #.......
#÷####.##.........# #.#####.
####...÷........D....#####.# #.
.....####.#.....@..........# #.
..#### #.##.....t......##.# #.
..# #.##.............#.#####. #.#
#.###F...PP.#............ #.###
#.#.#..P....#....####.### #...#
#...##.....##...####...##
#...#####.#.###...###..####.....#
#.........##.....## #.## #.......
.(..#...#.....).## #.# #.......


You could see a seven-headed hydra, a spiny frog (fleeing), a water moccasin
(fleeing) and a crocodile.

Vanquished Creatures
  4 two-headed ogres
  The ghost of Beaer the Spear-Bearer, a novice FoAK of Lugonu (D:7)
  The ghost of ijan1 the Cleaver, a novice DDFi of Makhleb (D:7)
  The ghost of LSt the Fighter, a novice DsCK of Xom (D:7)
  An ugly thing (D:6)
  An elephant (D:9)
  Grinder (D:3)
  Prince Ribbit (D:6)
  3 blink frogs (Lair:1)
  4 hippogriffs
  Sigmund (D:2)
  Eustachio (D:4)
  2 wyverns
  A basilisk (D:9)
  A warg (D:10)
  Edmund (D:3)
  Menkaure (D:7)
  Duvessa (D:6)
  7 orc warriors
  A black bear (D:7)
  2 phantoms
  A sky beast (D:6)
  An ice beast (D:8)
  2 necrophages
  4 ogres
  5 centaurs
  2 crocodiles
  6 bullfrogs
  3 big kobolds
  A gnoll sergeant (D:8)
  Dowan (D:6)
  A water moccasin zombie (D:5)
  A wyvern skeleton (D:9)
  3 scorpions
  16 killer bees
  3 crimson imps
  4 bullfrog zombies
  A centaur skeleton (D:10)
  6 jellies
  Crazy Yiuf (D:3)
  9 orc priests
  4 hounds
  Jessica (D:2)
  Natasha (thrice) (D:2)
  Ijyb (D:3)
  5 iguanas
  9 orc wizards
  7 worker ants
  A hound zombie (D:8)
  2 hound skeletons
  8 mummies (Ossuary)
  15 gnolls
  14 adders
  A shadow imp (D:5)
  17 oozes
  An adder skeleton (D:6)
  A worm (D:2)
  2 dart slugs
  10 leopard geckos
  45 orcs
  9 bats
  8 giant cockroaches
  A gnoll zombie (Ossuary)
  19 goblins
  16 hobgoblins
  4 jackals
  4 quokkas
  13 ball pythons
  8 frilled lizards
  A hobgoblin zombie (Ossuary)
  19 kobolds
  2 kobold zombies (Ossuary)
  A leopard gecko skeleton (D:4)
  4 orc zombies (Ossuary)
  6 rats
370 creatures vanquished.

Vanquished Creatures (others)
  An orc wizard (D:4)
  4 toadstools (Lair:1)
5 creatures vanquished.

Grand Total: 375 creatures vanquished

Notes
Turn   | Place    | Note
-------+----------+-------------------------------------------
     0 | D:1      | Aggronaut the Draconian Monk began the quest for the Orb.
     0 | D:1      | Reached XP level 1. HP: 19/19 MP: 1/1
   116 | D:1      | Upgraded the game from 0.25-a0-496-g8c4878dea3 to
                  | 0.25-a0-516-g7d600cd9ad
   189 | D:1      | Reached XP level 2. HP: 13/26 MP: 2/2
   654 | D:1      | Reached XP level 3. HP: 26/33 MP: 3/3
  1448 | D:2      | Reached skill level 4 in Unarmed Combat
  1553 | D:2      | Reached XP level 4. HP: 21/40 MP: 4/4
  1750 | D:2      | Noticed Sigmund
  1843 | D:2      | Killed Sigmund
  1843 | D:2      | Reached skill level 1 in Throwing
  1843 | D:2      | Reached skill level 5 in Unarmed Combat
  1843 | D:2      | Reached XP level 5. HP: 26/47 MP: 5/5
  2181 | D:2      | Noticed Natasha
  2197 | D:2      | Killed Natasha
  2197 | D:2      | Reached XP level 6. HP: 42/53 MP: 6/6
  2381 | D:2      | Found a shattered altar of Ashenzari.
  2382 | D:2      | Noticed Jessica
  2384 | D:2      | Found a hazy altar of Hepliaklqana.
  2385 | D:2      | Found an opulent altar of Gozag.
  2386 | D:2      | Found a sparkling altar of Nemelex Xobeh.
  2390 | D:2      | Found a bloodstained altar of Trog.
  2392 | D:2      | Killed Jessica
  2397 | D:2      | Found a basalt altar of Yredelemnul.
  2495 | D:2      | Noticed Natasha
  2502 | D:2      | Killed Natasha
  2825 | D:2      | Noticed Natasha
  2842 | D:2      | Killed Natasha
  3208 | D:2      | Found a shattered altar of Ashenzari.
  3211 | D:2      | Found a hazy altar of Hepliaklqana.
  3213 | D:2      | Found a sparkling altar of Nemelex Xobeh.
  3213 | D:2      | Found an opulent altar of Gozag.
  3216 | D:2      | Found a bloodstained altar of Trog.
  3217 | D:2      | Found a basalt altar of Yredelemnul.
  3471 | D:3      | Reached skill level 5 in Fighting
  3574 | D:3      | Noticed Grinder
  3597 | D:3      | Paralysed by Grinder for 3 turns
  3624 | D:3      | Killed Grinder
  3624 | D:3      | Reached skill level 6 in Unarmed Combat
  3624 | D:3      | Your scales start taking on a fiery red colour.
  3624 | D:3      | Reached XP level 7. HP: 47/61 MP: 7/7
  3624 | D:3      | Gained mutation: Your flesh is heat resistant. (rF+) [Red
                  | Draconian growth]
  3968 | D:3      | Reached skill level 7 in Unarmed Combat
  4102 | D:3      | Found a runed translucent door.
  4103 | D:3      | Noticed Crazy Yiuf
  4110 | D:3      | Killed Crazy Yiuf
  4244 | D:3      | Noticed Ijyb
  4258 | D:3      | Killed Ijyb
  4515 | D:4      | Found an ancient bone altar of Kikubaaqudgha.
  4527 | D:4      | Noticed Edmund
  4754 | D:3      | Killed Edmund
  4754 | D:3      | Reached XP level 8. HP: 8/68 MP: 8/8
  5081 | D:4      | Noticed Eustachio
  5161 | D:4      | Reached skill level 8 in Unarmed Combat
  5581 | D:4      | Killed Eustachio
  6103 | D:4      | Reached skill level 5 in Throwing
  6103 | D:4      | Reached skill level 9 in Unarmed Combat
  6428 | D:4      | Found a staircase to the Ecumenical Temple.
  6435 | Temple   | Entered the Ecumenical Temple
  6527 | Temple   | Became a worshipper of Makhleb the Destroyer
  6527 | Temple   | Reached * piety under Makhleb
  6527 | Temple   | Reached ** piety under Makhleb
  6671 | D:5      | Entered Level 5 of the Dungeon
  6709 | D:5      | Found a white marble altar of Elyvilon.
  6812 | D:5      | Found an ornate altar of the Wu Jian Council.
  6964 | D:5      | Found a glowing drain.
  6989 | Sewer    | Entered a sewer
  7414 | Sewer    | Reached *** piety under Makhleb
  7414 | Sewer    | Reached XP level 9. HP: 61/74 MP: 9/9
  7599 | D:5      | Got a faintly glowing dagger
  7600 | D:5      | Identified the +8 dagger of Circular Logic {venom, Fragile
                  | +Inv rN+ Dex+2} (You found it on level 5 of the Dungeon)
  7865 | D:5      | Reached skill level 10 in Unarmed Combat
  8208 | D:6      | Noticed Dowan
  8209 | D:6      | Noticed Duvessa
  8230 | D:6      | Killed Duvessa
  8254 | D:6      | Killed Dowan
  8553 | D:6      | Found a blossoming altar of Fedhas.
  8605 | D:6      | Noticed Prince Ribbit
  8614 | D:6      | Killed Prince Ribbit
  8883 | D:6      | Reached skill level 11 in Unarmed Combat
  8886 | D:6      | Noticed a purple ugly thing
  8928 | D:6      | Killed a purple ugly thing
  9419 | D:7      | Reached skill level 12 in Unarmed Combat
  9512 | D:7      | Found a flagged portal.
  9543 | Bailey   | Entered a bailey
  9577 | Bailey   | Reached XP level 10. HP: 81/81 MP: 10/10
  9593 | Bailey   | Reached **** piety under Makhleb
 10495 | D:7      | Noticed Menkaure
 10496 | D:7      | Found a runed translucent gate.
 10496 | D:7      | Found a runed translucent gate.
 10496 | D:7      | Found a runed translucent gate.
 10496 | D:7      | Noticed ijan1's ghost (novice DDFi)
 10497 | D:7      | Noticed Beaer's ghost (novice FoAK)
 10497 | D:7      | Noticed LSt's ghost (novice DsCK)
 10503 | D:7      | Killed Menkaure
 10765 | D:7      | Killed ijan1's ghost
 10765 | D:7      | Reached skill level 13 in Unarmed Combat
 11111 | D:7      | Killed Beaer's ghost
 11359 | D:7      | Killed LSt's ghost
 11359 | D:7      | Reached skill level 14 in Unarmed Combat
 11574 | D:8      | Found a hide-covered altar of Uskayaw.
 11591 | D:8      | Found a sand-covered staircase.
 11615 | Ossuary  | Entered an ossuary
 12083 | D:8      | Noticed a two-headed ogre
 12095 | D:8      | HP: 1/81 [two-headed ogre/cursed -1 giant club (16)]
 12508 | D:8      | Killed a two-headed ogre
 12508 | D:8      | Reached XP level 11. HP: 61/86 MP: 11/11
 12620 | D:8      | Found a snail-covered altar of Cheibriados.
 13111 | D:9      | Reached skill level 15 in Unarmed Combat
 13123 | D:9      | Reached ***** piety under Makhleb
 13141 | D:9      | Found a staircase to the Lair.
 13766 | D:9      | Noticed a two-headed ogre
 13775 | D:9      | Killed a two-headed ogre
 13868 | D:9      | Noticed a two-headed ogre
 13903 | D:9      | Killed a two-headed ogre
 13927 | D:9      | Reached skill level 16 in Unarmed Combat
 14200 | D:9      | Found a glowing silver altar of Zin.
 14483 | D:10     | Entered Level 10 of the Dungeon
 14551 | D:10     | Reached skill level 1 in Invocations
 14874 | D:10     | Found an iron altar of Okawaru.
 14956 | D:10     | Found a staircase to the Orcish Mines.
 15049 | D:10     | Noticed a two-headed ogre
 15059 | D:10     | Killed a two-headed ogre
 15456 | D:11     | Noticed a skeletal warrior
 15457 | D:11     | Noticed a skeletal warrior
 15457 | D:11     | Noticed a skeletal warrior
 15457 | D:11     | Noticed a skeletal warrior
 15461 | D:11     | Noticed a skeletal warrior
 15725 | Lair:1   | Entered Level 1 of the Lair of Beasts
 15785 | Lair:1   | Noticed a seven-headed hydra
 15824 | Lair:1   | Noticed a five-headed hydra
 16126 | Orc:1    | Entered Level 1 of the Orcish Mines
 16126 | Orc:1    | Noticed an orc warlord
 16269 | D:9      | HP: 3/86 [seven-headed hydra (6)]
 16270 | D:9      | Identified a scroll of acquirement
 16270 | D:9      | Mangled by a seven-headed hydra

Levels and vault maps discovered:
D:1:      denvon_arrival_planthouse, layout_basic, corexii_leaking_fountain
D:2:      layout_loops_corners, minitemple, uniq_jessica, uniq_sigmund,
          uniq_natasha
D:3:      cheibrodos_thug_alley, layout_loops_ring, uniq_grinder, uniq_ijyb,
          uniq_crazy_yiuf_cottage
D:4:      layout_rooms, kiku_gazebo_pond_becter, minmay_temple_entry_ruins,
          first_ration, grunt_ministairs_1, uniq_edmund, uniq_eustachio
D:5:      layout_basic, lemuel_crystal_altar, lemuel_doored_altar,
          portal_sewer_entry_d
D:6:      kennysheep_big_flooded_room, layout_basic, old_standard_altar,
          uniq_duvessa, uniq_prince_ribbit1
D:7:      layout_loops_cross, gammafunk_ghost_cemetery, enter_bailey_3,
          uniq_menkaure
D:8:      layout_gridville, lemuel_crystal_altar, overflow_temple_1_default,
          enter_ossuary_1, hangedman_little_slice_of_home
D:9:      layout_loops_ring, lemuel_coloured_pillars_altar, david_lair_generic,
          kennysheep_another_room
D:10:     layout_loops_ring, orc_0_dummy, basic_altar
D:11:     layout_basic
Temple:   dpeg_three_leaves_temple
Lair:1:   gammafunk_lair_enchanted_lake, layout_misc_corridors,
          gammafunk_ghost_ooze, minmay_lair_oklob_bushes, st_stairs_9,
          uniq_erica
Orc:1:    lemuel_ogre_cave, layout_caves, nicolae_orc_lava_room, uniq_gastronok

Skill      XL: |  1  2  3  4  5  6  7  8  9 10 11 |
---------------+----------------------------------+-----
Unarmed Combat | 4 5 6 7 9 12 14 16 | 16.4
Fighting       | 4 5 |  5.0
Throwing       | 1 2 3 4 5 6 |  6.0
Invocations    | 3 |  3.1
Dodging        | |  2.9
Stealth        | |  1.8

Action                   |  1- 3 |  4- 6 |  7- 9 | 10-12 || total
-------------------------+-------+-------+-------+-------++-------
Melee: Unarmed           |   132 |   146 |   592 |   580 ||  1450
       Tailslap          |    12 |    17 |    79 |    77 ||   185
       Punch             |     2 |     5 |    15 |    33 ||    55
Throw: Dart              |       |       |    16 |    46 ||    62
 Abil: Breathe Fire      |       |       |    20 |    20 ||    40
Evoke: Wand              |       |       |       |     1 ||     1
  Use: Potion            |     1 |     2 |     2 |     4 ||     9
       Scroll            |       |     2 |     4 |    17 ||    23
 Stab: Sleeping          |     6 |     5 |     4 |    12 ||    27
       Invisible         |       |       |     1 |       ||     1
  Eat: Chunk             |     2 |     6 |    20 |     9 ||    37
       Ration            |       |       |     1 |     5 ||     6
Armor: Skin              |    38 |    38 |   266 |   174 ||   516
Dodge: Dodged            |    84 |    69 |   350 |   307 ||   810
Block: Other             |       |       |    44 |    66 ||   110
       Reflection        |       |       |       |     1 ||     1

Table legend:
 A = Non-vault XP
 B = Vault XP
 C = Vault XP percentage of total XP
 D = Non-vault monster count
 E = Vault monster count
 F = Vault count percentage of total count
                 A         B        C        D         E       F
            +---------+---------+-------+---------+---------+-------
      Total |   12068 |    7631 |  38.7 |     230 |     141 |  38.0
            +---------+---------+-------+---------+---------+-------
        D:1 |      50 |       0 |   0.0 |      29 |       0 |   0.0
        D:2 |     164 |     305 |  65.0 |      19 |       3 |  13.6
        D:3 |     148 |     738 |  83.3 |      24 |      14 |  36.8
        D:4 |     598 |     217 |  26.6 |      20 |       3 |  13.0
        D:5 |     495 |      13 |   2.6 |      21 |       1 |   4.5
        D:6 |     432 |    1162 |  72.9 |      12 |       5 |  29.4
        D:7 |     995 |    2527 |  71.7 |      17 |      11 |  39.3
        D:8 |    2621 |     156 |   5.6 |      31 |       8 |  20.5
        D:9 |    3394 |    1055 |  23.7 |      28 |       4 |  12.5
       D:10 |    2215 |       0 |   0.0 |      23 |       0 |   0.0
       D:11 |      48 |       0 |   0.0 |       1 |       0 |   0.0
     Lair:1 |     905 |       0 |   0.0 |       4 |       0 |   0.0
      Orc:1 |       3 |       0 |   0.0 |       1 |       0 |   0.0
      Sewer |       0 |     401 | 100.0 |       0 |      47 | 100.0
    Ossuary |       0 |     157 | 100.0 |       0 |      16 | 100.0
     Bailey |       0 |     900 | 100.0 |       0 |      29 | 100.0
            +---------+---------+-------+---------+---------+-------
